 Dungeon Crawl Stone Soup version 0.27-a0-1177-g245c70e1c0 (webtiles) character file.

Game seed: 12109852752283944629

853 cobaltphoenix the Magician (level 7, -1/50 HPs)
             Began as a Yellow Draconian Venom Mage on May 16, 2021.
             Slain by a wyvern zombie (10 damage)
             ... on level 5 of the Dungeon.
             The game lasted 00:34:09 (6843 turns).

cobaltphoenix the Magician (DrVM)                   Turns: 6843, Time: 00:34:10

Health: -1/50      AC:  6    Str: 10    XL:     7   Next: 70%
Magic:  15/15      EV: 12    Int: 18    God:
Gold:   191        SH:  0    Dex: 17    Spells: 3/16 levels left

rFire    + . .     SeeInvis .   b - +6 short sword (spect)
rCold    + + .     Faith    .   (no shield)
rNeg     . . .     Spirit   .   (armour unavailable)
rPois    .         Reflect  .   (helmet restricted)
rElec    .         Harm     .   c - scarf {rC+ rF+}
rCorr    +         Rampage  .   (no gloves)
Will     .....                  (no boots)
Stlth    ++........             (no amulet)
HPRegen  0.16/turn              g - +6 ring of dexterity
MPRegen  0.14/turn              o - ring of protection from cold {rC+, !d}

@: short of breath
A: spit acid, AC +6, unfitting armour, cold-blooded, acid resistance
a: Breathe Acid


You were on level 5 of the Dungeon.
You visited 1 branch of the dungeon, and saw 5 of its levels.
You also visited: Sewer.

You collected 191 gold pieces.


Innate Abilities, Weirdness & Mutations

You can spit globs of acid.
Your golden yellow scales are hard. (AC +6)
You cannot fit into any form of body armour.
You are cold-blooded and may be slowed by cold attacks.
You are resistant to acid. (rCorr)


   Skills:
 - Level 1.7 Dodging
 - Level 1.7 Stealth
 + Level 5.3 Spellcasting
 + Level 3.9 Transmutations
 + Level 3.6 Air Magic
 + Level 4.9 Poison Magic


You had 3 spell levels left.
You knew the following spells:

 Your Spells              Type           Power      Damage    Failure   Level
a - Sting                 Tmut/Pois      80%        1d7       1%          1
b - Poisonous Vapours     Pois/Air       40%        N/A       3%          2
c - Ignite Poison         Fire/Tmut/Pois 15%        N/A       12%         3
d - Olgreb's Toxic Radia  Pois           22%        N/A       17%         4
x - Mephitic Cloud        Conj/Pois/Air  15%        N/A       12%         3

Your spell library contained the following spells:

 Spells                   Type           Power      Damage    Failure   Level
 Beastly Appendage        Tmut           36%        N/A       2%          1
 Wereblood                Tmut           18%        N/A       3%          2
 Spider Form              Tmut/Pois      10%        N/A       6%          3
 Summon Small Mammal      Summ           16%        N/A       13%         1
 Call Imp                 Summ           4%         N/A       19%         2
 Call Canine Familiar     Summ           4%         N/A       36%         3
 Summon Guardian Golem    Hex/Summ       4%         N/A       36%         3
 Ice Form                 Ice/Tmut       11%        N/A       50%         4
 Summon Lightning Spire   Summ/Air       11%        N/A       52%         4
 Hydra Form               Tmut           9%         N/A       56%         5
 Summon Ice Beast         Ice/Summ       4%         N/A       77%         4

Inventory:

Hand Weapons
 b - a +6 spectral short sword (weapon)
   (You took it off a kobold on level 1 of the Dungeon)
Missiles
 l - a throwing net {=f, !d}
Armour
 c - a scarf of resistance (worn)
   (You found it on level 1 of the Dungeon)
Magical Staves
 k - a staff of earth
   (You found it on level 2 of the Dungeon)
 q - a staff of cold {rC+}
   (You found it on level 5 of the Dungeon)
Jewellery
 g - a +6 ring of dexterity (left hand)
   (You found it on level 2 of the Dungeon)
 o - a ring of protection from cold (right hand) {rC+, !d}
   (You took it off a hobgoblin on level 3 of the Dungeon)
 r - a ring of fire {rF+, rC-}
   (You found it on level 5 of the Dungeon)
 v - a +4 ring of evasion
   (You found it in a sewer)
Wands
 t - a wand of digging (3)
   (You took it off Ijyb on level 5 of the Dungeon)
Scrolls
 f - a scroll of noise {unknown}
 h - 3 scrolls of fear
 m - a scroll of amnesia {unknown}
 p - 2 scrolls of immolation {unknown}
 s - a scroll of teleportation {unknown}
 u - a scroll of blinking {unknown}
Potions
 a - a potion of degeneration {unknown}
 d - 2 potions of cancellation
 e - 6 potions of curing
 i - a potion of flight
 j - a potion of brilliance {unknown}
 n - a potion of lignification {!q}

Dungeon Overview and Level Annotations

Branches:
Dungeon (5/15)              Sewer (visited)
 Temple: D:4-7

Altars:
Qazlal
Ru
Zin

Annotations:
D:4 Dowan, Duvessa
D:5 exclusion: shadow imp

.#######.##.# #.#
.........##.#
#.#######
########.##.#
#.......# #.##.# #.#
#.##.# #.# #.##.# #.#
#.##.# #.#
#.##.#########.#####.#
#.##.....@Z..........#
#.####################
#.# ###


You could see a wyvern zombie (corroded).


Message History

Your spectral weapon hits the water moccasin zombie!
The water moccasin zombie closely misses you.
The water moccasin zombie barely misses you.
You barely miss the water moccasin zombie.
Your spectral weapon hits the water moccasin zombie.
The water moccasin zombie bites you but does no damage.
You hit the water moccasin zombie.
Your spectral weapon barely misses the water moccasin zombie.
The water moccasin zombie bites you.
You take 4 damage, and have 46/50 hp.
You puncture the water moccasin zombie!
Your tail-slap misses the water moccasin zombie.
Your spectral weapon closely misses the water moccasin zombie.
The water moccasin zombie barely misses you.
The water moccasin zombie misses you.
You hit the water moccasin zombie.
Your spectral weapon hits the water moccasin zombie!
You destroy the water moccasin zombie!
A water moccasin skeleton is nearby!
Health restored: 50 The water moccasin skeleton bites you.
You take 2 damage, and have 48/50 hp.
You barely miss the water moccasin skeleton.
Your spectral weapon closely misses the water moccasin skeleton.
The water moccasin skeleton bites you but does no damage.
You puncture the water moccasin skeleton!
Your spectral weapon closely misses the water moccasin skeleton.
The water moccasin skeleton bites you.
You take 6 damage, and have 42/50 hp.
You hit the water moccasin skeleton.
You tail-slap the water moccasin skeleton.
Your spectral weapon misses the water moccasin skeleton.
The water moccasin skeleton bites you but does no damage.
You puncture the water moccasin skeleton!
Your spectral weapon hits the water moccasin skeleton!
You destroy the water moccasin skeleton!
You swap places.
There is a stone staircase leading down here.
You open the door.
There is an open door here.
You see here 25 arrows.
There is an open door here.
You open the door. You open the door.
Found a stone staircase leading down.
Health restored: 50; MP restored: 15
There is an open door here.
There is an open door here.
There is an open door here.
There is an open door here.
An ufetubus and a zombie come into view.
The ufetubus shouts!
Aim: an ufetubus (60% to hit)
The sting hits the ufetubus.
The ufetubus is poisoned.
The ufetubus barely misses you.
The ufetubus hits you but does no damage.
The ufetubus closely misses you. x2
You now have 14/15 mp.
The ufetubus hits you but does no damage.
The ufetubus barely misses you.
You kill the ufetubus!
The wyvern zombie bites you.
You take 2 damage, and have 48/50 hp.
You barely miss the wyvern zombie. The wyvern zombie misses you.
The wyvern zombie completely misses you.
MP restored: 15 You hit the wyvern zombie.
The wyvern zombie bites you.
You take 2 damage, and have 46/50 hp.
Unknown command.
You hit the wyvern zombie. The wyvern zombie bites you.
You take 4 damage, and have 42/50 hp.
You hit the wyvern zombie but do no damage.
The wyvern zombie misses you. The wyvern zombie bites you!
You take 10 damage, and have 32/50 hp.
You hit the wyvern zombie.
The wyvern zombie bites you but does no damage.
You puncture the wyvern zombie! The wyvern zombie bites you.
The wyvern zombie bites you!
You take 15 damage, and have 17/50 hp.
MASSIVE DAMAGE!!
You hit the wyvern zombie. The wyvern zombie barely misses you.
Aim: a wyvern zombie (heavily damaged, 92% to hit)
The sting hits the wyvern zombie.
The wyvern zombie partially resists.
The wyvern zombie bites you.
* * * LOW HITPOINT WARNING * * *
You take 3 damage, and have 14/50 hp.
You now have 14/15 mp.
Unknown command.
The wyvern zombie bites you!
* * * LOW HITPOINT WARNING * * *
You take 7 damage, and have 7/50 hp.
The wyvern zombie misses you.
Okay, then.
Aim: a wyvern zombie (heavily damaged)
You spit a glob of acid.
The glob of acid hits the wyvern zombie!
The wyvern zombie is splashed with acid.
The acid corrodes the wyvern zombie!
The wyvern zombie barely misses you.
MP restored: 15 You puncture the wyvern zombie!
The wyvern zombie bites you!
You die...

Skill      XL: |  1  2  3  4  5  6  7 |
---------------+----------------------+-----
Spellcasting   | 3 4 5 |  5.3
Air Magic      | 1 2 3 |  3.6
Transmutations | 2 3 |  3.9
Poison Magic   | 4 |  4.9
Dodging        | |  1.7
Stealth        | |  1.7

Action                   |  1- 3 |  4- 6 |  7- 9 || total
-------------------------+-------+-------+-------++-------
Melee: Short sword       |     3 |    27 |    58 ||    88
       Tailslap          |       |     1 |    10 ||    11
 Cast: Sting             |    64 |    53 |    59 ||   176
       Poisonous Vapours |       |    11 |    17 ||    28
 Abil: Breathe Acid      |       |       |     2 ||     2
  Use: Scroll            |       |     5 |     2 ||     7
Armor: Skin              |    13 |     7 |    27 ||    47
Dodge: Dodged            |    19 |    27 |    52 ||    98

Levels and vault maps discovered:
D:1:      psy_arrival_statuary, layout_basic, ebering_ecumenical_altar_ruins,
          grunt_decor_clamped, minmay_misc_feat_enclosed, nrook_mini_backslash
D:2:      kennysheep_big_flooded_room, layout_loops_corners, grunt_ministairs_15
D:3:      layout_rooms, serial_corexii_hall, corexii_hall_statues_i,
          chequers_hall_statues_corner_a, uniq_jessica
D:4:      kennysheep_six_static_rooms, layout_basic, uniq_duvessa
D:5:      layout_basic, grunt_temple_overflow_open, gup_sewer_entry_bubbles,
          uniq_ijyb

Notes
Turn   | Place    | Note
-------+----------+-------------------------------------------
     0 | D:1      | cobaltphoenix the Draconian Venom Mage began the quest for
                  | the Orb.
     0 | D:1      | Reached XP level 1. HP: 14/14 MP: 3/3
   346 | D:1      | Found a faded altar of an unknown god.
   494 | D:1      | Reached XP level 2. HP: 20/20 MP: 3/5
  1077 | D:2      | Learned a level 2 spell: Poisonous Vapours
  1346 | D:2      | Reached skill level 3 in Spellcasting
  1710 | D:2      | Reached XP level 3. HP: 26/26 MP: 4/7
  2614 | D:3      | Noticed Jessica
  2620 | D:3      | Killed Jessica
  2621 | D:3      | Reached skill level 4 in Spellcasting
  2747 | D:3      | Reached XP level 4. HP: 33/33 MP: 8/10
  2826 | D:3      | Learned a level 3 spell: Mephitic Cloud
  2830 | D:3      | Learned a level 3 spell: Ignite Poison
  3161 | D:3      | Reached skill level 1 in Air Magic
  3503 | D:4      | Reached XP level 5. HP: 35/38 MP: 9/11
  3559 | D:4      | Noticed a phantom
  3559 | D:4      | Noticed Dowan
  3949 | D:4      | Noticed an ogre
  3966 | D:4      | Reached skill level 2 in Transmutations
  4001 | D:3      | HP: 3/38 [gnoll/+0 whip (9)]
  4059 | D:3      | HP: 6/38 [gnoll/+0 whip (4)]
  4500 | D:4      | Killed an ogre
  4501 | D:4      | Reached skill level 2 in Air Magic
  4501 | D:4      | Reached XP level 6. HP: 45/45 MP: 7/12
  4607 | D:4      | Noticed Duvessa
  4792 | D:4      | Reached skill level 4 in Poison Magic
  4994 | D:5      | Entered Level 5 of the Dungeon
  4994 | D:5      | Found a stormy altar of Qazlal.
  4994 | D:5      | Found a glowing silver altar of Zin.
  5008 | D:5      | Reached skill level 3 in Transmutations
  5050 | D:5      | Found a sacrificial altar of Ru.
  5149 | D:5      | Reached skill level 3 in Air Magic
  5149 | D:5      | Your scales start taking on a golden yellow colour.
  5149 | D:5      | Reached XP level 7. HP: 50/50 MP: 6/14
  5149 | D:5      | Gained mutation: You are resistant to acid. (rCorr) [Yellow
                  | Draconian growth]
  5214 | D:5      | Reached skill level 5 in Spellcasting
  5381 | D:5      | Noticed Ijyb
  5387 | D:5      | Killed Ijyb
  5419 | D:5      | Learned a level 4 spell: Olgreb's Toxic Radiance
  5448 | D:5      | Found a glowing drain.
  5455 | Sewer    | Entered a sewer
  6162 | D:5      | Upgraded the game from 0.27-a0-1158-gaa87e14f67 to
                  | 0.27-a0-1177-g245c70e1c0
  6836 | D:5      | HP: 7/50 [wyvern zombie (7)]
  6843 | D:5      | Slain by a wyvern zombie

Vanquished Creatures
  A black bear (D:5)
  An ogre (D:4)
  A phantom (D:4)
  A scorpion (D:5)
  A bullfrog (Sewer)
  A water moccasin zombie (D:5)
  A water moccasin skeleton (D:5)
  A gnoll shaman (D:4)
  Jessica (D:3)
  Ijyb (D:5)
  2 orc wizards (D:3)
  7 gnolls
  2 adders
  A river rat (D:5)
  2 ufetubi (D:5)
  2 adder skeletons
  A worm (D:2)
  A dart slug (D:1)
  7 orcs
  15 ball pythons
  4 bats
  13 endoplasms
  10 giant cockroaches
  8 hobgoblins
  2 jackals (D:5)
  23 quokkas
  12 frilled lizards
  5 goblins
  4 kobolds
  2 rats (D:2)
133 creatures vanquished.

Table legend: (Time is in decaauts)
 A = Elapsed time spent in this place.
 B = Non-inter-level travel time spent in this place.
 C = Inter-level travel time spent in this place.
 D = Time resting spent in this place.
 E = Time spent auto-exploring this place.
 F = Levels seen in this place.
 G = Mean time per level.
                   A        B        C        D        E       F      G
               +--------+--------+--------+--------+--------+-----+--------+
         Total |   6952 |   6827 |    125 |   1857 |   3362 |   6 | 1158.7 |
       Dungeon |   6178 |   6053 |    125 |   1659 |   3041 |   5 | 1235.6 |
         Sewer |    774 |    774 |      0 |    198 |    321 |   1 |  774.0 |
               +--------+--------+--------+--------+--------+-----+--------+

Top non-repeatable levels by time:
     D:2: 1437 daAuts
     D:4: 1261 daAuts
     D:3: 1249 daAuts
     D:5: 1158 daAuts
     D:1: 1072 daAuts
   Sewer: 774 daAuts

Table legend:
 A = Non-vault XP
 B = Vault XP
 C = Vault XP percentage of total XP
 D = Non-vault monster count
 E = Vault monster count
 F = Vault count percentage of total count
                 A         B        C        D         E       F
            +---------+---------+-------+---------+---------+-------
      Total |     826 |     393 |  32.2 |      67 |      66 |  49.6
            +---------+---------+-------+---------+---------+-------
        D:1 |      16 |       0 |   0.0 |       8 |       0 |   0.0
        D:2 |      29 |       8 |  21.6 |      14 |       4 |  22.2
        D:3 |     122 |      37 |  23.3 |      15 |       1 |   6.2
        D:4 |     253 |     110 |  30.3 |      16 |       3 |  15.8
        D:5 |     406 |      61 |  13.1 |      14 |       8 |  36.4
      Sewer |       0 |     177 | 100.0 |       0 |      50 | 100.0
            +---------+---------+-------+---------+---------+-------
